 Dungeon Crawl Stone Soup version 0.14.0-15-g6b16f67 (webtiles) character file.

914 Sabsy the Skirmisher (level 8, -10/60 (63) HPs)
             Began as a Formicid Chaos Knight on Apr 18, 2014.
             Was a Plaything of Xom.
             Engulfed by a cloud of flame (13 damage)
             ... on Level 5 of the Dungeon.
             The game lasted 00:11:45 (3303 turns).

Sabsy the Skirmisher (Formicid Chaos Knight)        Turns: 3303, Time: 00:11:45

HP -10/60 (63)   AC  5     Str 20      XL: 8   Next:  2%
MP  11/11        EV 12     Int 11      God: Xom
Gold 191         SH  0     Dex 10      Spells:  0 memorised,  7 levels left

rFire  . . .     SeeInvis +     a - +0,+1 mace (chaos)
rCold  . . .     Clarity  .     b - +2 leather armour
rNeg   . . .     Conserve .     (no shield)
rPois  .         rCorr    .     (helmet unavailable)
rElec  .         rRot     .     (no cloak)
SustAb . .       Spirit   .     (no gloves)
rMut   .         Warding  .     (no boots)
Saprov . . .     Stasis   +     (no amulet)
MR     .....                    (no ring)
                                (no ring)

@: non-regenerating, mildly diseased, not resistant to hostile enchantments,
very unstealthy
A: permanent stasis, dig shafts and tunnels, four strong arms, antennae 3
a: Dig, Shaft Self, Renounce Religion


You were on level 5 of the Dungeon.
You worshipped Xom.
You were a beloved toy of Xom.
You were very hungry.

You visited 1 branch of the dungeon, and saw 5 of its levels.

You collected 191 gold pieces.

Inventory:

Hand weapons
 a - a +0,+1 mace of chaos (weapon)
Armour
 b - a +2 leather armour (worn)
Magical devices
 q - a wand of flame (0)
Comestibles
 c - 6 bread rations
 s - 2 meat rations
Scrolls
 e - a scroll of enchant armour {unknown}
 h - a scroll of enchant weapon II
 m - 2 scrolls of teleportation
 r - 2 scrolls of identify {unknown}
 u - 4 scrolls of remove curse
 y - 2 scrolls of recharging {unknown}
Potions
 d - a potion of cure mutation {unknown}
 f - a potion of curing {unknown}
 g - 4 potions of confusion {unknown}
 j - a potion of haste {unknown}
 k - 3 potions of agility {unknown}
 p - a potion of brilliance {unknown}
 t - 2 potions of might {unknown}
 v - a potion of restore abilities {unknown}
 w - a potion of poison {unknown}
 x - a potion of heal wounds
 z - a potion of lignification {unknown}


   Skills:
 + Level 5.5 Fighting
 + Level 5.3 Maces & Flails
 + Level 4.6 Armour
 + Level 3.7 Dodging


You had 7 spell levels left.
You didn't know any spells.

Dungeon Overview and Level Annotations

Branches:
Dungeon (5/15)
 Temple: D:4-7

Altars:
Elyvilon
Yredelemnul


Innate Abilities, Weirdness & Mutations

Your are under a permanent stasis effect.
You can dig through walls and to a lower floor.
Your four strong arms can wield two-handed weapons with a shield.
You have a pair of large antennae on your head (SInv).


Message History

The phantom is heavily damaged.
The phantom hits you! The crimson imp completely misses you.
You sock the phantom!
The phantom is almost destroyed.
The phantom hits you!
The phantom blinks!
The crimson imp closely misses you.
You sock the crimson imp!
The crimson imp is almost dead.
The crimson imp hits you but does no damage.
The phantom blinks!
You hit the phantom. You burn the phantom.
The phantom explodes!
The fiery explosion engulfs you!
Your scroll of fog catches fire!
* * * LOW HITPOINT WARNING * * *
The fiery explosion engulfs the crimson imp.
The crimson imp completely resists.
You have reached level 8!
You feel stronger.
You are engulfed in roaring flames.
You die...
Xom giggles madly!

**,,,,,,,,* #.# *******+**
#.# *,* #.# *,* ###'######
*,* #........# *,*
#........# *, #.§......#
******##.########5§......#
,,,,,,.........)@§.......#
***** ##.########§§......#
*,,* #........* *,**
#.!......* **,* #.......,*
*,,* ##+####*** ###+####
##.# #......#### #..#
#......'..####.######


You could see a crimson imp.

Vanquished Creatures
  A necrophage (D:5)
  2 phantoms
  An ogre (D:5)
  An elf zombie (D:5)
  A jelly (D:5)
  2 crimson imps (D:5)
  3 worker ants
  A mummy (D:3)
  4 adders
  2 worms
  A giant mite (D:4)
  An inept feature mimic (D:4)
  An adder zombie (D:5)
  A giant gecko (D:3)
  A ball python (D:3)
  10 bats
  2 giant cockroaches (D:2)
  6 goblins
  5 hobgoblins
  6 jackals
  3 quokkas
  3 giant newts
  10 kobolds
  An orc zombie (D:5)
  6 rats
75 creatures vanquished.

Notes
Turn   | Place    | Note
--------------------------------------------------------------
     0 | D:1      | Sabsy, the Formicid Chaos Knight, began the quest for the Orb.
     0 | D:1      | Reached XP level 1. HP: 18/18 MP: 1/1
     2 | D:1      | XOM: divination: detect creatures
    48 | D:1      | Reached skill level 1 in Dodging
   278 | D:1      | Reached XP level 2. HP: 22/24 MP: 3/3
   625 | D:2      | XOM: potion effect (might)
   655 | D:2      | Reached XP level 3. HP: 24/29 MP: 4/4
   707 | D:2      | XOM: confuse monster(s)
   709 | D:2      | XOM: confuse monster(s)
   744 | D:2      | XOM: divination: magic mapping
  1247 | D:3      | Noticed a phantom
  1256 | D:3      | XOM: enchant monster (good)
  1269 | D:3      | Killed a phantom
  1269 | D:3      | Reached skill level 4 in Fighting
  1269 | D:3      | Reached XP level 4. HP: 7/37 MP: 5/5
  1269 | D:3      | Reached XP level 5. HP: 7/42 MP: 7/7
  1340 | D:3      | XOM: colour smoke trail
  1847 | D:3      | XOM: silly message
  1854 | D:3      | XOM: divination: detect creatures
  2007 | D:3      | XOM: confuse monster(s)
  2024 | D:3      | Reached XP level 6. HP: 49/49 MP: 8/8
  2065 | D:4      | XOM: mild Summ miscast
  2839 | D:5      | Entered Level 5 of the Dungeon
  3062 | D:5      | Found a basalt altar of Yredelemnul.
  3062 | D:5      | Found a white marble altar of Elyvilon.
  3092 | D:5      | Reached XP level 7. HP: 53/55 MP: 9/9
  3094 | D:5      | XOM: enchant monster (bad)
  3111 | D:5      | Reached skill level 5 in Fighting
  3226 | D:5      | Noticed a necrophage
  3239 | D:5      | XOM: harmless Fire miscast
  3245 | D:5      | Killed a necrophage
  3245 | D:5      | Reached skill level 5 in Maces & Flails
  3245 | D:5      | XOM: noise
  3298 | D:5      | XOM: inner flame monster(s)
  3303 | D:5      | Reached XP level 8. HP: 3/60 MP: 11/11
  3303 | D:5      | Engulfed by a cloud of flame

Action                   |  1- 3 |  4- 6 |  7- 9 || total
-------------------------+-------+-------+-------++-------
Melee: Mace              |    96 |   153 |    76 ||   325
 Abil: Dig               |       |     2 |       ||     2
Evoke: Wand              |     6 |     1 |     1 ||     8
  Use: Scroll            |     1 |     8 |       ||     9
       Potion            |       |       |     1 ||     1
 Stab: Paralysed         |     6 |       |       ||     6
       Confused          |     1 |     2 |       ||     3
       Petrified         |       |     1 |       ||     1
